 Dungeon Crawl Stone Soup version 0.31-a0-233-g139696dc86 (webtiles) character file.

Game seed: 14882497637111652543

296 qw the Shooter (level 6, 0/38 HPs)
             Began as a Gargoyle Hexslinger on July 8, 2023.
             Slain by a sleepcap (7 damage)
             ... on level 4 of the Dungeon.
             The game lasted 00:00:51 (2272 turns).

qw the Shooter (Gargoyle Hexslinger)                Turns: 2272, Time: 00:00:51

Health: 0/38       AC: 11    Str: 11    XL:     6   Next: 34%
Magic:  7/7        EV: 10    Int: 14    God:
Gold:   130        SH:  0    Dex: 14    Spells: 6/7 levels left

rFire   . . .        Y - +2 longbow (flame)
rCold   . . .        (shield currently unavailable)
rNeg    + . .        g - +0 ring mail
rPois   inf          (no helmet)
rElec   +            (no cloak)
rCorr   .            (no gloves)
SInv    .            i - +1 pair of boots
Will    .....        (no amulet)
Stlth   +            (no ring)
HPRegen 0.26/turn    (no ring)
MPRegen 0.10/turn

%: no passive effects
@: no status effects
A: sickness immunity, AC +4, negative energy resistance 1, electricity
resistance, torment resistance 1, petrification resistance
a: no special abilities


You were on level 4 of the Dungeon.
You visited 1 branch of the dungeon, and saw 4 of its levels.

You collected 130 gold pieces.


Innate Abilities, Weirdness & Mutations

You are immune to sickness and miasma.
Your stone body is resilient. (AC +4)
You are immune to poison.
You resist negative energy. (rN+)
You are resistant to electric shocks. (rElec)
You are resistant to unholy torment.
You are immune to petrification.


   Skills:
 - Level 4.0 Fighting
 + Level 5.2 Ranged Weapons
 - Level 1.0 Armour
 - Level 1.5 Dodging
 - Level 1.0 Spellcasting
 - Level 2.6 Hexes


You had 6 spell levels left.
You knew the following spells:

 Your Spells              Type           Power      Damage    Failure   Level
a - Slow                  Hex            32%        N/A       21%         1

Your spell library contained the following spells:

 Spells                   Type           Power      Damage    Failure   Level
 Inner Flame              Hex/Fire       4%         N/A       71%         3
 Portal Projectile        Hex/Tloc       8%         N/A       71%         3
 Cause Fear               Hex            4%         N/A       90%         4

Inventory:

Hand Weapons
 Y - a +2 longbow of flaming (weapon)
Armour
 g - a +0 ring mail (worn)
 i - a +1 pair of boots (worn)
Scrolls
 c - 2 scrolls of identify
 e - a scroll of teleportation {unknown}
Potions
 a - a potion of heal wounds {unknown}
 b - a potion of lignification {unknown}
 d - a potion of haste {unknown}
 f - a potion of curing {unknown}
 h - a potion of brilliance {unknown}

Dungeon Overview and Level Annotations

Branches:
Dungeon (4/15)
 Temple: D:4-7

Altars:
Hepliaklqana
Yredelemnul

Shops:
D:2 (


Message History

The arrow burns the ball python.
You kill the ball python!
You shoot an arrow. The arrow barely misses the hound.
The arrow closely misses the iguana.
The hound bites you but does no damage.
A sleepcap comes into view.
The hound barely misses you.
You shoot an arrow. The arrow closely misses the hound.
The hound barely misses you. The hound misses you. The hound bites you.
You shoot an arrow. The arrow misses the hound.
The hound bites you but does no damage.
The iguana bites you but does no damage.
The hound bites you but does no damage. The iguana bites you.
You shoot an arrow. The arrow closely misses the hound.
The hound barely misses you. x2
The iguana bites you but does no damage.
You shoot an arrow.
The arrow hits the hound but does no damage.
The hound barely misses you. The iguana bites you.
The hound closely misses you. The hound barely misses you.
The iguana bites you!
You shoot an arrow. The arrow closely misses the hound.
The hound bites you but does no damage. The iguana bites you.
A hobgoblin comes into view.
The hound bites you but does no damage.
You shoot an arrow. The hobgoblin shouts!
The arrow hits the hound.
The arrow burns the hound.
The hound is moderately wounded.
The hound bites you. The iguana bites you.
The hound bites you but does no damage. The iguana closely misses you.
The hound bites you but does no damage.
You shoot an arrow. The arrow hits the hound!
The arrow burns the hound.
You kill the hound!
The iguana barely misses you.
The sleepcap releases spores at you but does no damage.
The iguana bites you.
You shoot an arrow.
The arrow hits the sleepcap but does no damage.
The iguana closely misses you. The sleepcap releases spores at you!
You die...

###.### ##......##
#.<.###..####..##
##......## ##..##
##....## ##..##
##...# ##..#
##...# ##..
##....## ##. #
...####......## #.
##
......l@..##..##
##. .#
......f.#####..###
###.. .##
.......##
##...###.... ..##
....g.#
###.......# ...##
...... ##.....##
....## ......
##...## .....#
..... #......
.....# .....
#....... #....#
#.....###


You could see a sleepcap, an iguana and a hobgoblin.

Vanquished Creatures
  Edmund (D:4)
  A hound (D:4)
  An orc priest (D:4)
  Jessica (D:2)
  2 adders (D:3)
  5 worms
  9 orcs
  6 endoplasms
  5 goblins
  2 hobgoblins
  2 jackals (D:2)
  6 kobolds
  3 quokkas
  8 ball pythons
  3 bats (D:1)
  A frilled lizard (D:2)
  5 rats
61 creatures vanquished.

Notes
Turn   | Place    | Note
-------+----------+-------------------------------------------
     0 | D:1      | qw the Gargoyle Hexslinger began the quest for the Orb.
     0 | D:1      | Reached XP level 1. HP: 12/12 MP: 2/2
     0 | D:1      | 0 ||| qw: Version: 0.3-a-46-gb1f654a
     0 | D:1      | 0 ||| qw: Game counter: 3352
     0 | D:1      | 0 ||| qw: Melee chars always use a shield: true
     0 | D:1      | 0 ||| qw: God list: Okawaru
     0 | D:1      | 0 ||| qw: Allow faded altars: false
     0 | D:1      | 0 ||| qw: Do Orc after clearing Dungeon:15 true
     0 | D:1      | 0 ||| qw: Do second Lair branch before Depths: true
     0 | D:1      | 0 ||| qw: Lair rune preference: random
     0 | D:1      | 0 ||| qw: Goals: Normal
     0 | D:1      | 0 ||| PLANNING D:1-11
   291 | D:1      | Reached XP level 2. HP: 16/16 MP: 3/3
   343 | D:1      | Reached skill level 3 in Ranged Weapons
   668 | D:1      | 668 ||| UPGRADING to +0 ring mail.
   678 | D:1      | 678 ||| DROPPING +0 robe.
   679 | D:1      | 679 ||| UPGRADING to +1 pair of boots.
   684 | D:1      | 684 ||| READING scroll labelled IRUCETIONT.
   684 | D:1      | Identified a scroll of acquirement
   684 | D:1      | 684 ||| ACQUIRING +2 longbow of flaming
   684 | D:1      | Acquired a +2 longbow of flaming
   686 | D:1      | 686 ||| SWAPPING to +2 longbow of flaming.
   687 | D:1      | 687 ||| DROPPING +1 sling.
   688 | D:1      | 688 ||| READING scroll labelled FANYUL SAHU.
   689 | D:1      | 689 ||| DRINKING 2 sedimented amethyst potions.
   690 | D:1      | 690 ||| DROPPING scroll of poison.
   691 | D:1      | 691 ||| DROPPING potion of attraction.
   734 | D:2      | 734 ||| STAIRDANCE
   777 | D:2      | Found Koluo's Weapon Emporium.
   843 | D:2      | Reached XP level 3. HP: 21/21 MP: 4/4
   946 | D:2      | Reached skill level 1 in Armour
   989 | D:2      | Noticed Jessica
   992 | D:2      | Killed Jessica
   993 | D:2      | Reached XP level 4. HP: 26/26 MP: 5/5
  1315 | D:2      | 1315 ||| READING scroll labelled XUPLAC AR VOF.
  1387 | D:3      | Reached skill level 4 in Ranged Weapons
  1387 | D:3      | 1387 ||| Stepping ~*~*~tactically~*~*~ (outnumbered).
  1633 | D:3      | Found a basalt altar of Yredelemnul.
  1634 | D:3      | Found a hazy altar of Hepliaklqana.
  1753 | D:3      | 1753 ||| DROPPING ring of flight.
  1754 | D:3      | 1754 ||| READING scroll labelled KEB XOYMOOLASUI.
  1755 | D:3      | 1755 ||| READING scroll labelled IBUXEW NUPRAI.
  1756 | D:3      | 1756 ||| READING scroll labelled BOXUHE ECEGEN.
  1846 | D:4      | Reached XP level 5. HP: 30/30 MP: 6/6
  1853 | D:4      | HP: 7/30 [kobold/+2 short sword of venom (2)]
  1853 | D:4      | HP: 2/30 [orc priest/nerve-wracking pain (5)]
  2019 | D:4      | Reached skill level 5 in Ranged Weapons
  2074 | D:4      | Noticed Edmund
  2089 | D:4      | Killed Edmund
  2090 | D:4      | Reached XP level 6. HP: 12/38 MP: 7/7
  2271 | D:4      | HP: 6/38 [iguana (5)]
  2272 | D:4      | Slain by a sleepcap

Levels and vault maps discovered:
D:1:      minmay_arrival_nine_rooms, layout_loops_ring
D:2:      layout_loops_ring, serial_shops, shop, nrook_mini_vaults, uniq_jessica
D:3:      layout_basic, mainiacjoe_overflow_divided_tiny
D:4:      layout_layer_cave, grunt_dithmenos_smoke_and_mirrors, uniq_edmund

Skill      XL: |  1  2  3  4  5 |
---------------+----------------+-----
Ranged Weapons | 3 4 5 |  5.2
Fighting       | 2 4 |  4.0
Armour         | 1 |  1.0
Dodging        | |  1.5
Spellcasting   | |  1.0
Hexes          | |  2.6

Action                     |  1- 3 |  4- 6 || total
---------------------------+-------+-------++-------
   Fire: Sling             |    49 |       ||    49
         Longbow           |    40 |    89 ||   129
    Use: Scroll            |     2 |     4 ||     6
         Potion            |     1 |       ||     1
 Armour: Robe              |    13 |       ||    13
         Ring mail         |    10 |    25 ||    35
  Dodge: Dodged            |    31 |    27 ||    58

Table legend:
 A = Non-vault XP
 B = Vault XP
 C = Vault XP percentage of total XP
 D = Non-vault monster count
 E = Vault monster count
 F = Vault count percentage of total count
                 A         B        C        D         E       F
            +---------+---------+-------+---------+---------+-------
      Total |     228 |     195 |  46.1 |      59 |       2 |   3.3
            +---------+---------+-------+---------+---------+-------
        D:1 |      26 |       0 |   0.0 |      15 |       0 |   0.0
        D:2 |      34 |      37 |  52.1 |      15 |       1 |   6.2
        D:3 |      58 |       0 |   0.0 |      15 |       0 |   0.0
        D:4 |     110 |     158 |  59.0 |      14 |       1 |   6.7
            +---------+---------+-------+---------+---------+-------
